 Dungeon Crawl Stone Soup version 0.28-a0-872-g80cf8599ee (webtiles) character file.

Game seed: 15367623715912246922

42 ytrimaz the Skirmisher (level 3, 14/29 HPs)
             Began as a Demonspawn Fighter on Nov 21, 2021.
             Quit the game on level 2 of the Dungeon.
             The game lasted 00:01:05 (894 turns).

ytrimaz the Skirmisher (Demonspawn Fighter)          Turns: 894, Time: 00:01:05

Health: 14/29      AC:  6    Str: 17    XL:     3   Next: 33%
Magic:  3/3        EV:  9    Int:  9    God:
Gold:   27         SH:  4    Dex: 12    Spells: 2/2 levels left

rFire   . . .      SeeInvis .   a - +0 war axe
rCold   . . .      Faith    .   c - +0 buckler
rNeg    . . .      Spirit   .   b - +0 scale mail
rPois   .          Reflect  .   (helmet restricted)
rElec   .          Harm     .   (no cloak)
rCorr   .          Rampage  .   (no gloves)
Will    .....                   (no boots)
Stlth   ..........              (no amulet)
HPRegen 0.09/turn               (no ring)
MPRegen 0.08/turn               (no ring)

@: mighty
A: antennae 1, demonic guardian 1
a: no special abilities


You were on level 2 of the Dungeon.
You visited 1 branch of the dungeon, and saw 2 of its levels.

You collected 27 gold pieces.

Inventory:

Hand Weapons
 a - a +0 war axe (weapon)
Armour
 b - a +0 scale mail (worn)
 c - a +0 buckler (worn)
Jewellery
 g - a +6 ring of strength
Scrolls
 e - a scroll of torment {unknown}
 h - a scroll of enchant armour {unknown}
Potions
 f - a potion of flight {unknown}


   Skills:
 + Level 3.4 Fighting
 + Level 2.1 Axes
 + Level 3.1 Armour
 + Level 3.1 Shields


You had 2 spell levels left.
You didn't know any spells.
Your spell library was empty.

Dungeon Overview and Level Annotations

Branches:
Dungeon (2/15)

Altars:


Innate Abilities, Weirdness & Mutations

You have a pair of small antennae on your head.
A weak demonic guardian rushes to your aid.


Message History

Unknown command.
You barely miss Robin.
Robin is lightly wounded.
You barely miss the goblin. The goblin hits you but does no damage.
The goblin unwields a +0 club.
The goblin wields a +0 hunting sling.
The goblin shoots a stone.
The stone barely misses you.
Unknown command.
The goblin hits you with a +0 club. Robin hits you but does no damage.
The goblin unwields a +0 hunting sling.
The goblin wields a +0 club.
The goblin closely misses you.
Unknown command.
You slash the goblin!
You kill the goblin!
You slash the goblin!
You kill the goblin!
You hit Robin.
The goblin no longer looks unusually strong.
Robin hits you but does no damage.
Robin roars a battlecry!
The goblin goes into a battle-frenzy!
The goblin hits you but does no damage.
You have reached level 3!
Your experience leads to an increase in your attributes!
Increase (S)trength, (I)ntelligence, or (D)exterity?
You feel stronger.
Your demonic ancestry asserts itself...
You feel the presence of a demonic guardian.
Unknown command.
You barely miss the goblin. You slash Robin!
You kill Robin!
The goblin barely misses you.
Unknown command.
Things that are here:
a +0 trident; a +0 animal skin; a +0 helmet You hit the goblin.
You kill the goblin!
You see here a +0 dagger.
Items here: ))) ††††.
Things that are here:
a +0 club; a +0 hunting sling; 19 stones Are you sure you want to abandon this character and quit the game? (Confirm with "yes".)

###.# ..#.# ..#
#.#.#####..#
#.#.#......#
#######.#.#.#...#
.........)......#
#######.#.#..##.
#.#)#..##+###
#.#).@......#
#######.#)†.......#
#.......#.........#
#<########........#
### #........#
#........#
#........#
######..## ..


There were no monsters in sight!

Vanquished Creatures
  Robin (D:2)
  A ball python (D:1)
  A giant cockroach (D:1)
  9 hobgoblins
  A kobold (D:1)
  2 bats (D:1)
  A frilled lizard (D:1)
  10 goblins
  3 rats (D:1)
29 creatures vanquished.

Notes
Turn   | Place    | Note
-------+----------+-------------------------------------------
     0 | D:1      | ytrimaz the Demonspawn Fighter began the quest for the Orb.
     0 | D:1      | Reached XP level 1. HP: 18/18 MP: 1/1
   394 | D:1      | Gained mutation: You have a pair of small antennae on your
                  | head. [demonic ancestry]
   394 | D:1      | Reached XP level 2. HP: 24/24 MP: 2/2
   871 | D:2      | Noticed Robin
   887 | D:2      | Gained mutation: A weak demonic guardian rushes to your
                  | aid. [demonic ancestry]
   887 | D:2      | Reached XP level 3. HP: 13/29 MP: 3/3
   887 | D:2      | Killed Robin
   894 | D:2      | Quit the game

Illustrated notes

Levels and vault maps discovered:
D:1:      nicolae_arrival_memento_mori, layout_loops_ring
D:2:      layout_basic, uniq_robin

Skill      XL: |  1  2 |
---------------+-------+-----
Shields        | 3 |  3.1
Axes           | 2 |  2.1
Armour         | 3 |  3.1
Fighting       | |  3.4

Action                   || total
-------------------------++-------
Melee: War axe           ||    47
  Use: Potion            ||     1
Armor: Scale mail        ||    24
Dodge: Dodged            ||    29
Block: Buckler           ||    13

Table legend: (Time is in decaauts)
 A = Elapsed time spent in this place.
 B = Non-inter-level travel time spent in this place.
 C = Inter-level travel time spent in this place.
 D = Time resting spent in this place.
 E = Time spent auto-exploring this place.
 F = Levels seen in this place.
 G = Mean time per level.
                   A        B        C        D        E       F      G
               +--------+--------+--------+--------+--------+-----+--------+
         Total |    914 |    856 |     58 |      0 |    704 |   2 |  457.0 |
       Dungeon |    914 |    856 |     58 |      0 |    704 |   2 |  457.0 |
               +--------+--------+--------+--------+--------+-----+--------+

Top non-repeatable levels by time:
     D:1: 873 daAuts
     D:2: 41 daAuts
